 Dungeon Crawl Stone Soup version 0.30-a0-879-ga8ba668304 (webtiles) character file.

Game seed: 3728975686085608258

4 Iich the Trooper (level 1, -1/18 HPs)
             Began as a Demonspawn Fighter on Mar 12, 2023.
             Succumbed to a kobold's poison
             ... on level 1 of the Dungeon.
             The game lasted 00:00:24 (51 turns).

Iich the Trooper (Demonspawn Fighter)                 Turns: 51, Time: 00:00:24

Health: -1/18      AC:  6    Str: 16    XL:     1   Next: 58%
Magic:  1/1        EV:  8    Int:  9    God:
Gold:   23         SH:  4    Dex: 12    Spells: 0/0 levels left

rFire   . . .      SeeInvis .    a - +0 war axe
rCold   . . .      Faith    .    c - +0 buckler
rNeg    . . .      Spirit   .    b - +0 scale mail
rPois   .          Reflect  .    (no helmet)
rElec   .          Rampage  .    (no cloak)
rCorr   .                        (no gloves)
Will    .....                    (no boots) Stlth
                                 (no amulet)
HPRegen 0.23/turn                (no ring)
MPRegen 0.07/turn                (no ring)

@: lethally poisoned (-1 -> -18), flying
A: no striking features
a: no special abilities


You were on level 1 of the Dungeon.
You visited 1 branch of the dungeon, and saw 1 of its levels.

You collected 23 gold pieces.

Inventory:

Hand Weapons
 a - a +0 war axe (weapon)
Armour
 b - a +0 scale mail (worn)
 c - a +0 buckler (worn)
Scrolls
 f - 2 scrolls of identify {unknown}
Potions
 d - a potion of might


   Skills:
 + Level 3.1 Fighting
 * Level 2.1 Axes
 - Level 2.6 Armour
 - Level 2.6 Shields


You couldn't memorise any spells.
You didn't know any spells.
Your spell library was empty.

Dungeon Overview and Level Annotations

Branches:
Dungeon (1/15)

Altars:


Message History

Your Axes skill increases to level 2!
The kobold hits you with a +0 whip of venom.
You are lethally poisoned!
You see here a hobgoblin corpse.
You closely miss the kobold.
The kobold is severely wounded.
You hit the endoplasm but do no damage.
* * * LOW HITPOINT WARNING * * *
You feel very sick.
The endoplasm hits you but does no damage.
The kobold hits you with a +0 whip of venom.
* * * LOW HITPOINT WARNING * * *
You block the endoplasm's attack. The kobold closely misses you.
It was a potion of heal wounds.
You feel much better.
You feel sick. The kobold hits you but does no damage.
You are more poisoned.
The endoplasm hits you but does no damage.
You closely miss the kobold.
The kobold is severely wounded.
You hit the endoplasm.
You feel very sick. The kobold completely misses you.
The endoplasm freezes you.
You are frozen.
* * * LOW HITPOINT WARNING * * *
Okay, then.
You closely miss the kobold.
The kobold is severely wounded.
You hit the endoplasm.
You kill the endoplasm!
* * * LOW HITPOINT WARNING * * *
You feel very sick. The kobold hits you but does no damage.
You are more poisoned.
The kobold hits you with a +0 whip of venom.
* * * LOW HITPOINT WARNING * * *
It was a potion of flight.
You feel very buoyant.
You fly up into the air.
You die...

###############
######..............
#......######.######
#......# #.####..
#......# #.......
###†#### #####..⌠
#.@.# ##.. #...K...#
##. #.#.#.#.# ##
#...#.#.## #### #..#
. #.# ##... ..# ?#
## ...... ... #.
....⌠. ### # ..⌠...
⌠....#


You could see a kobold.

Vanquished Creatures
  An endoplasm (D:1)
  2 hobgoblins (D:1)
  A ball python (D:1)
4 creatures vanquished.

Notes
Turn   | Place    | Note
-------+----------+-------------------------------------------
     0 | D:1      | Iich the Demonspawn Fighter began the quest for the Orb.
     0 | D:1      | Reached XP level 1. HP: 18/18 MP: 1/1
    51 | D:1      | Succumbed to a kobold's poison

Illustrated notes

Levels and vault maps discovered:
D:1:      dpeg_arrival_leaves_temple_mockup, layout_basic,
          dreamdust_ecumenical_altar_drowned_temple, minmay_tiny_reverse_x

Skill      XL: |  1 |
---------------+----+-----
Axes           | 2 |  2.1
Fighting       | |  3.1
Armour         | |  2.6
Shields        | |  2.6

Action                     || total
---------------------------++-------
  Melee: War axe           ||     7
    Use: Potion            ||     2
 Armour: Scale mail        ||     4
  Dodge: Dodged            ||     5
  Block: Buckler           ||     2

Table legend: (Time is in decaauts)
 A = Elapsed time spent in this place.
 B = Non-inter-level travel time spent in this place.
 C = Inter-level travel time spent in this place.
 D = Time resting spent in this place.
 E = Time spent auto-exploring this place.
 F = Levels seen in this place.
 G = Mean time per level.
                   A        B        C        D        E       F      G
               +--------+--------+--------+--------+--------+-----+--------+
         Total |     54 |     54 |      0 |      0 |     33 |   1 |   54.0 |
       Dungeon |     54 |     54 |      0 |      0 |     33 |   1 |   54.0 |
               +--------+--------+--------+--------+--------+-----+--------+

Top non-repeatable levels by time:
     D:1: 54 daAuts
